AoeStats
← 牛油果

Black Forest

510086161Analyzed
4v4 RM · 3d ago on Sep 29, 2026· 52m 11s· 8 players
Game mode
Random Map
Map size
Large (8 player)
Population
200
Speed
Normal
Resources
Standard
Victory
Conquest
Starting age
Dark Age
Ending age
Imperial Age
RankedLock teamsTeams togetherTeam positionsShared explorationLock speedFull tech treeHidden civsTurbo modeCheats
Victory
Defeat
🇮🇹 Mongols · Italy
2184
+2
🇵🇱 Varangians · Poland
2114
+2
🇫🇷 Berbers · France
2064
+3
🇩🇪 Lithuanians · Germany
1884
+6
🇨🇳 Mongols · China
1769
-5
🇨🇳 Burmese · China
1657
-3
🇭🇰 Bohemians · Hong Kong SAR China
1637
-3
🇭🇰 Britons · Hong Kong SAR China
1607
-2
C15-kyosokyoku
0:40 Loom
11:15 Feudal Age
15:50 Castle Age
14:47 Horse Collar
15:43 Town Watch
19:33 Heavy Plow
23:25 Wheelbarrow
26:03 Gold Mining
29:39 Imperial Age
28:48 Scale Barding Armor
30:06 Chain Barding Armor
29:56 Forging
29:48 Manipur Cavalry
30:00 Bloodlines
29:51 Husbandry
29:47 Stone Mining
30:36 Gold Shaft Mining
31:16 Conscription
32:53 Howdah
33:13 Elite Battle Elephant
34:29 Plate Barding Armor
34:34 Treadmill Crane
35:04 Masonry
36:10 Iron Casting
37:47 Caravan
38:30 Guilds
40:12 Light Cavalry
42:02 Blast Furnace
43:12 Hussar
46:25 Devotion
49:41 Chemistry
Sakmelo
5:15 Loom
11:07 Feudal Age
14:52 Castle Age
13:16 Double-Bit Axe
13:13 Horse Collar
15:57 Bow Saw
20:37 Fervor
20:29 Heavy Plow
22:01 Wheelbarrow
26:31 Imperial Age
25:50 Chemistry
24:55 Padded Archer Armor
24:57 Scale Mail Armor
25:35 Hand Cart
25:46 Forging
25:06 Pikeman
27:31 Chain Mail Armor
27:12 Halberdier
28:01 Houfnice
31:33 Elite Skirmisher
32:05 Fletching
32:15 Padded Archer Armor
32:38 Ballistics
33:36 Wagenburg Tactics
35:15 Bodkin Arrow
37:22 Leather Archer Armor
37:11 Bracer
38:34 Leather Archer Armor
42:39 Ring Archer Armor
42:30 Squires
43:01 Plate Mail Armor
43:06 Iron Casting
43:13 Siege Engineers
42:53 Onager
44:05 Caravan
48:04 Blast Furnace
YYQ
9:27 Feudal Age
13:34 Castle Age
11:48 Double-Bit Axe
11:44 Horse Collar
14:38 Bow Saw
20:07 Wheelbarrow
21:03 Heavy Plow
23:03 Gold Mining
23:18 Stone Mining
25:05 Gold Shaft Mining
24:50 Hand Cart
24:22 Loom
27:28 Imperial Age
24:46 Town Watch
24:54 Fletching
25:40 Ballistics
25:36 Bodkin Arrow
25:42 Padded Archer Armor
27:14 Leather Archer Armor
27:36 Bloodlines
27:28 Husbandry
27:48 Thumb Ring
28:43 Conscription
28:24 Bracer
27:58 Capped Ram
29:09 Elite Mangudai
30:57 Coinage
31:25 Parthian Tactics
32:08 Chemistry
31:29 Siege Ram
33:34 Siege Engineers
33:37 Scale Barding Armor
33:43 Forging
32:53 Light Cavalry
34:07 Banking
34:49 Chain Barding Armor
35:09 Drill
35:33 Caravan
43:26 Hussar
44:42 Iron Casting
46:25 Blast Furnace
45:57 Onager
牛油果
0:52 Loom
11:23 Feudal Age
12:23 Double-Bit Axe
12:18 Horse Collar
15:12 Wheelbarrow
20:41 Castle Age
20:02 Stone Mining
21:36 Bow Saw
24:47 Masonry
25:09 Fletching
26:45 Fortified Wall
30:22 Town Watch
OS+ | VoNDutcH
12:01 Feudal Age
12:42 Double-Bit Axe
15:46 Castle Age
13:59 Horse Collar
16:47 Bow Saw
16:41 Heavy Plow
18:28 Loom
23:16 Wheelbarrow
22:43 Gold Mining
22:59 Stone Mining
24:19 Hand Cart
24:19 Fervor
28:22 Imperial Age
26:19 Fletching
27:18 Ballistics
26:56 Bodkin Arrow
26:48 Town Watch
27:20 Thumb Ring
27:17 Padded Archer Armor
28:22 Leather Archer Armor
28:08 Husbandry
28:18 Bloodlines
28:41 Capped Ram
29:26 Bracer
30:28 Chemistry
29:55 Parthian Tactics
30:21 Conscription
29:59 Siege Ram
31:02 Drill
32:45 Caravan
33:36 Sappers
39:51 Elite Mangudai
44:40 Hoardings
43:39 Onager
45:10 Siege Engineers
45:01 Siege Onager
52:24 Masonry
RoR | FloDuFive
0:43 Loom
11:35 Feudal Age
16:20 Castle Age
14:32 Double-Bit Axe
22:57 Imperial Age
21:11 Fletching
22:10 Horse Collar
24:38 Chemistry
26:56 Bodkin Arrow
28:17 Ballistics
30:18 Bracer
33:27 Wheelbarrow
33:20 Kasbah
33:41 Conscription
34:32 Bow Saw
34:24 Heavy Plow
35:14 Padded Archer Armor
36:29 Bloodlines
36:19 Husbandry
36:40 Leather Archer Armor
37:34 Hand Cart
38:25 Ring Archer Armor
38:03 Thumb Ring
40:05 Crop Rotation
40:01 Elite Camel Archer
41:03 Maghrebi Camels
41:16 Caravan
41:44 Gold Mining
41:45 Stone Mining
43:50 Hoardings
43:33 Masonry
43:03 Treadmill Crane
44:04 Gold Shaft Mining
43:39 Town Watch
45:51 Stone Shaft Mining
45:47 Siege Engineers
45:39 Murder Holes
46:07 Town Patrol
OS+ | TheKroks
11:01 Feudal Age
12:07 Double-Bit Axe
12:05 Horse Collar
14:54 Castle Age
15:46 Bow Saw
15:40 Heavy Plow
16:48 Wheelbarrow
21:50 Loom
21:50 Town Watch
22:38 Gold Mining
23:16 Hand Cart
23:23 Stone Mining
25:00 Stone Shaft Mining
28:09 Imperial Age
25:46 Scale Barding Armor
25:52 Forging
28:02 Bloodlines
27:52 Husbandry
28:24 Chain Barding Armor
28:52 Iron Casting
29:29 Conscription
29:17 Caravan
30:25 Plate Barding Armor
30:11 Squires
29:56 Arson
30:08 Fletching
32:04 Blast Furnace
31:32 Guilds
32:07 Bodkin Arrow
31:49 Onager
33:24 Elite Jarl
36:48 Treadmill Crane
40:53 Bracer
41:57 Chemistry
41:17 Ballistics
41:04 Herbal Medicine
42:38 Scale Mail Armor
43:04 Masonry
42:21 Capped Ram
43:31 Siege Engineers
44:38 Chain Mail Armor
44:55 Arson
44:56 Gambesons
45:44 Coinage
45:59 Plate Mail Armor
44:52 Elite Varangian Guard
45:05 Siege Ram
45:17 Gothikon
47:18 Banking
50:48 Two-Man Saw
50:19 Crop Rotation
52:01 Architecture
RoR | Smokealot
0:38 Loom
10:47 Feudal Age
11:43 Horse Collar
11:50 Double-Bit Axe
18:55 Castle Age
20:01 Bow Saw
20:39 Wheelbarrow
20:24 Heavy Plow
22:02 Fortified Wall
26:19 Hand Cart
25:50 Town Watch
29:18 Gold Mining
29:18 Stone Mining
29:24 Stone Mining
29:55 Town Patrol
33:21 Imperial Age
31:52 Scale Barding Armor
31:58 Forging
32:25 Stone Shaft Mining
33:03 Chain Barding Armor
32:55 Caravan
34:05 Iron Casting
33:42 Elite Leitis
34:47 Guilds
35:23 Plate Barding Armor
35:40 Conscription
35:59 Scale Mail Armor
36:35 Bloodlines
36:26 Husbandry
35:49 Pikeman
36:29 Squires
36:15 Arson
37:08 Halberdier
38:57 Chain Mail Armor
40:34 Two-Man Saw
42:04 Crop Rotation
44:25 Fletching
44:35 Padded Archer Armor
45:09 Tower Shields
49:01 Bodkin Arrow
49:21 Leather Archer Armor
Connection lost

Rejoining the realm…

Still unreachable

The connection could not be restored.

Session expired

The server has moved on; the page needs a fresh start.